 Dungeon Crawl Stone Soup version 0.32-a0-42-ga30500b4d3 (webtiles) character file.

Game seed: 10000729796086506565

730 grandjackal the Trooper (level 7, -1/56 HPs)
             Began as a Demonspawn Gladiator on Jan 29, 2024.
             Was a Believer of Uskayaw.
             Slain by Menkaure (8 damage)
             ... on level 4 of the Dungeon.
             The game lasted 00:03:21 (2701 turns).

grandjackal the Trooper (Demonspawn Gladiator)      Turns: 2701, Time: 00:03:23

Health: -1/56      AC: 12    Str: 12    XL:     7   Next: 44%
Magic:  10/10      EV: 11    Int: 11    God:    Uskayaw [**....]
Gold:   155        SH:  0    Dex: 14    Spells: 6/6 levels left

rFire   + . .        a - +0 long sword
rCold   . . .        (no shield)
rNeg    . . .        b - +0 ring mail
rPois   .            (helmet restricted)
rElec   .            q - +0 cloak
rCorr   .            (no gloves)
SInv    .            v - +1 pair of boots
Will    .....        l - amulet of magic regeneration
Stlth   +            h - +4 ring of protection
HPRegen 0.29/turn    (no ring)
MPRegen 0.52/turn

%: no passive effects
@: no status effects
A: horns 1, foul stench 1, spiny 1, big brain 1, clumsy 1, fire resistance 1,
weak 1
a: Renounce Religion, Stomp, Line Pass


You were on level 4 of the Dungeon.
You worshipped Uskayaw.
Uskayaw was noncommittal.
You visited 1 branch of the dungeon, and saw 4 of its levels.

You collected 213 gold pieces.
You spent 58 gold pieces at shops.

Inventory:

Hand Weapons
 a - a +0 long sword (weapon)
Missiles
 d - 3 throwing nets (quivered)
 e - a javelin
Armour
 b - a +0 ring mail (worn)
 q - a +0 cloak (worn)
 v - a +1 pair of boots (worn)
Jewellery
 h - a +4 ring of protection (left hand)
 l - an amulet of magic regeneration (around neck)
Wands
 k - a wand of flame (8)
Scrolls
 c - 2 scrolls of amnesia {unknown}
 i - a scroll of enchant armour {unknown}
 m - 2 scrolls of teleportation {unknown}
 n - 2 scrolls of fog {unknown}
 p - 2 scrolls of poison {unknown}
 s - a scroll of vulnerability {unknown}
 u - a scroll of brand weapon {unknown}
Potions
 f - 2 potions of brilliance {unknown}
 g - a potion of mutation
 j - a potion of enlightenment {unknown}
 o - a potion of heal wounds {unknown}
 r - a potion of might {unknown}


   Skills:
 + Level 5.4 Fighting
 + Level 5.3 Long Blades
 - Level 2.1 Throwing
 - Level 3.0 Dodging
 + Level 4.3 Invocations


You had 6 spell levels left.
You didn't know any spells.
Your spell library contained the following spells:

 Spells                   Type           Power      Damage    Failure   Level
 Blink                    Tloc           0%         N/A       77%         2
 Lesser Beckoning         Tloc           0%         N/A       77%         2
 Momentum Strike          Conj/Tloc      0%         3d8       77%         2


Dungeon Overview and Level Annotations

Branches:
Dungeon (4/15)             Temple (0/1) D:4

Altars:
Makhleb
Trog
Uskayaw

Shops:
D:4 [

Annotations:
D:4 Menkaure, Robin


Innate Abilities, Weirdness & Mutations

You have a pair of small horns on your head.
You may rarely emit foul miasma when damaged in melee.
You are partially covered in sharp spines.
You have an unusually large brain. (Int +2)
You are clumsy. (Dex -2)
Your flesh is heat resistant. (rF+)
You are weak. (Str -2)


Message History

Menkaure calls on the powers of darkness!
Blork the orc convulses!
The hobgoblin convulses! x2; The goblin convulses!
Robin convulses!
Your body is wracked with pain!
Blork the orc hits you but does no damage.
The hobgoblin hits you but does no damage.
Robin throws the goblin at you!
A hobgoblin comes into view.
You can now pass through a line of other dancers.
You hit Blork the orc.
Blork the orc is almost dead.
Menkaure points at you and mumbles some strange words.
Pain shoots through your body!
* * * LOW HITPOINT WARNING * * *
A goblin comes into view. It is wielding a +0 club.
An orc comes into view. It is wielding a +0 mace.
The goblin is struck by your spines.
You kill the goblin!
The hobgoblin hits you but does no damage.
Blork the orc casts a spell.
Blork the orc seems to speed up.
You slash Blork the orc!
You kill Blork the orc!
Menkaure calls on the powers of darkness!
Robin convulses!
The hobgoblin convulses!
The orc convulses!
Your body is wracked with pain!
* * * LOW HITPOINT WARNING * * *
The goblin convulses!
A goblin comes into view. It is wielding a +0 dagger.
The hobgoblin hits you but does no damage.
Robin throws the goblin at you!
A goblin comes into view. It is wielding a +0 club.
Unknown command.
It was a potion of mutation.
You feel extremely strange.
You feel weaker.
You feel clumsy.
You feel resistant to heat.
The goblin shouts!
The hobgoblin closely misses you. The goblin is struck by your spines.
You kill the goblin!
The hobgoblin hits you but does no damage.
Menkaure is struck by your spines. Menkaure hits you!
You die...

...........#
..................#
.......(..........#
..................#
..................#
..g...............#
.g....g...........#
.g.g.ggMg.........#
#@).........#
#...........#
#...........#
#...........#
#...........#
#...........#
#...........#
#...........#
#...........#


You could see Menkaure (fast), Robin, 4 hobgoblins and 3 goblins.

Vanquished Creatures
  Pikel (D:4)
  A lemure (D:4)
  Blork the orc (D:4)
  A sleepcap (D:4)
  Natasha (thrice) (D:2)
  An orc wizard (D:3)
  6 adders
  4 dart slugs
  5 orcs (D:3)
  2 ball pythons
  6 bats
  4 endoplasms
  2 giant cockroaches (D:2)
  11 goblins
  5 hobgoblins
  3 quokkas
  4 frilled lizards
  5 kobolds
  5 rats
70 creatures vanquished.

Notes
Turn   | Place    | Note
-------+----------+-------------------------------------------
     0 | D:1      | grandjackal the Demonspawn Gladiator began the quest for
                  | the Orb.
     0 | D:1      | Reached XP level 1. HP: 16/16 MP: 1/1
    76 | D:1      | Gained mutation: You may rarely emit foul miasma when
                  | damaged in melee. [demonic ancestry]
    76 | D:1      | Reached XP level 2. HP: 18/22 MP: 2/2
   688 | D:2      | Gained mutation: You are partially covered in sharp spines.
                  | [demonic ancestry]
   688 | D:2      | Reached XP level 3. HP: 22/28 MP: 3/3
   857 | D:2      | Found a faded altar of an unknown god.
  1065 | D:2      | Gained mutation: You have a pair of small horns on your
                  | head. [demonic ancestry]
  1065 | D:2      | Reached XP level 4. HP: 35/35 MP: 4/4
  1164 | D:2      | Noticed Natasha
  1169 | D:2      | Killed Natasha
  1231 | D:2      | Noticed Natasha
  1238 | D:2      | Killed Natasha
  1637 | D:2      | Noticed Natasha
  1640 | D:2      | Killed Natasha
  1641 | D:2      | Reached XP level 5. HP: 41/42 MP: 5/5
  2062 | D:3      | Found a hide-covered altar of Uskayaw.
  2071 | D:3      | Became a worshipper of Uskayaw the Reveller
  2286 | D:4      | Noticed a lemure
  2287 | D:4      | Noticed Pikel
  2287 | D:4      | Noticed a lemure
  2288 | D:4      | Noticed a lemure
  2288 | D:4      | Noticed a lemure
  2295 | D:4      | Found a bloodstained altar of Trog.
  2296 | D:4      | Found a burning altar of Makhleb.
  2301 | D:4      | Reached * piety under Uskayaw
  2302 | D:4      | Reached ** piety under Uskayaw
  2304 | D:4      | Killed a lemure
  2306 | D:4      | Reached *** piety under Uskayaw
  2309 | D:4      | Reached **** piety under Uskayaw
  2311 | D:4      | Killed Pikel
  2312 | D:4      | Reached skill level 5 in Fighting
  2312 | D:4      | Reached skill level 5 in Long Blades
  2312 | D:4      | Reached XP level 6. HP: 43/51 MP: 5/9
  2312 | D:4      | Gained mutation: You have an unusually large brain. (Int
                  | +2) [demonic ancestry]
  2312 | D:4      | Reached XP level 7. HP: 48/56 MP: 5/10
  2358 | D:4      | Noticed an animated gold dragon scales
  2360 | D:4      | Found Axaz's Armour Boutique.
  2362 | D:4      | Noticed an animated shadow dragon scales
  2386 | D:4      | Bought a +0 pair of boots for 58 gold pieces
  2464 | D:4      | Found a staircase to the Ecumenical Temple.
  2692 | D:4      | Noticed Blork the orc
  2692 | D:4      | Noticed Menkaure
  2692 | D:4      | Noticed Robin
  2700 | D:4      | Killed Blork the orc
  2701 | D:4      | Gained mutation: You are weak. (Str -2) [potion of
                  | mutation]
  2701 | D:4      | Gained mutation: You are clumsy. (Dex -2) [potion of
                  | mutation]
  2701 | D:4      | Gained mutation: Your flesh is heat resistant. (rF+)
                  | [potion of mutation]
  2701 | D:4      | Slain by Menkaure

Illustrated notes

Levels and vault maps discovered:
D:1:      lemuel_arrival_behind_the_door_large, layout_basic
D:2:      minmay_skewed_foursquare, layout_basic,
          dreamdust_ecumenical_altar_angels_and_demons, uniq_natasha
D:3:      layout_loops_ring, eat_drink_and_be_merry_uskayaw
D:4:      layout_gridville, mainiacjoe_overflow_alcove_3,
          nicolae_hepliaklqana_hazy_memory, temple_green, serial_shops,
          nicolae_shop_mannequins, uniq_blork_the_orc, uniq_menkaure,
          uniq_pikel, uniq_robin

Skill      XL: |  1  2  3  4  5 |
---------------+----------------+-----
Throwing       | 2 |  2.1
Long Blades    | 3 4 5 |  5.3
Dodging        | 3 |  3.0
Fighting       | 3 5 |  5.4
Invocations    | 4 |  4.3

Action                     |  1- 3 |  4- 6 |  7- 9 || total
---------------------------+-------+-------+-------++-------
  Melee: Long sword        |    80 |    50 |    21 ||   151
         Punch             |     1 |     1 |       ||     2
         Headbutt          |       |    13 |     4 ||    17
  Evoke: Wand              |       |       |     1 ||     1
    Use: Potion            |       |       |     1 ||     1
   Stab: Paralysed         |       |     1 |       ||     1
 Armour: Leather armour    |     7 |       |       ||     7
         Ring mail         |    41 |    33 |    30 ||   104
  Dodge: Dodged            |    48 |    16 |     4 ||    68

Table legend: (Time is in decaauts)
 A = Elapsed time spent in this place.
 B = Non-inter-level travel time spent in this place.
 C = Inter-level travel time spent in this place.
 D = Time resting spent in this place.
 E = Time spent auto-exploring this place.
 F = Levels seen in this place.
 G = Mean time per level.
                   A        B        C        D        E       F      G
               +--------+--------+--------+--------+--------+-----+--------+
         Total |   2739 |   2471 |    268 |    334 |   1624 |   4 |  684.8 |
       Dungeon |   2739 |   2471 |    268 |    334 |   1624 |   4 |  684.8 |
               +--------+--------+--------+--------+--------+-----+--------+

Top non-repeatable levels by time:
     D:2: 1027 daAuts
     D:1: 675 daAuts
     D:3: 618 daAuts
     D:4: 418 daAuts
